 Dungeon Crawl Stone Soup version 0.13-a0-2116-g5cefd36 (webtiles) character file.

386 Kae the Chiller (level 5, -4/38 HPs)
             Began as a Draconian Ice Elementalist on June 27, 2013.
             Killed from afar by an orc wizard (5 damage)
             ... with a puff of frost
             ... on Level 4 of the Dungeon.
             The game lasted 00:05:18 (4121 turns).

Kae the Chiller (Draconian Ice Elementalist)        Turns: 4121, Time: 00:05:19

HP  -4/38        AC  5     Str 10      XL: 5   Next: 93%
MP   5/10        EV 12     Int 17      God:
Gold 129         SH  0     Dex 12      Spells:  2 memorised,  5 levels left

Res.Fire  : . . .   See Invis. : .   q - +1,-2 quarterstaff
Res.Cold  : . . .   Warding    : .   (armour unavailable)
Life Prot.: . . .   Conserve   : .   (no shield)
Res.Poison: .       Res.Corr.  : .   (helmet restricted)
Res.Elec. : .       Clarity    : .   (no cloak)
Sust.Abil.: . .     Spirit.Shd : .   (no gloves)
Res.Mut.  : .       Stasis     : .   (no boots)
Res.Rott. : .       Flight     : .   (no amulet)
Saprovore : . . .                    (no ring)
                                     f - +1 ring of intelligence

@: slightly resistant to hostile enchantments, unstealthy
A: unfitting armour, AC +5
a: no special abilities


You were on level 4 of the Dungeon.
You were hungry.

You visited 1 branch of the dungeon, and saw 5 of its levels.

You collected 109 gold pieces.

Inventory:

Hand weapons
 q - a +1,-2 quarterstaff (weapon)
Magical devices
 m - a wand of frost (9)
Comestibles
 c - 2 bread rations
 h - 2 chunks of orc flesh
 i - a chunk of quokka flesh
 k - a sausage
 s - a pear
Scrolls
 d - 3 scrolls of identify
 t - a scroll of curse jewellery {unknown}
 w - a scroll of random uselessness
Jewellery
 f - a +1 ring of intelligence (left hand)
Potions
 a - 3 potions of heal wounds
 e - 7 potions of curing
 j - a potion of might {unknown}
 n - 2 potions of poison {unknown}
Books
 b - a book of Frost

   Spells                             Type                      Level
   *Freeze                            Ice                          1
   *Throw Frost                       Conjuration/Ice              2
   Ozocubu's Armour                   Charms/Ice                   3
   Throw Icicle                       Conjuration/Ice              4
   Summon Ice Beast                   Ice/Summoning                4
   Condensation Shield                Ice                          4
 l - a book of Fire

   Spells                             Type                      Level
   Fire Brand                         Charms/Fire                  2
   Ignite Poison                      Fire/Transmutation           5
   Fireball                           Conjuration/Fire             5
   Bolt of Fire                       Conjuration/Fire             6
   Delayed Fireball                   Conjuration/Fire             7
   Ring of Flames                     Charms/Fire                  7
   Dragon Form                        Transmutation                7
 p - a book of Annihilations {highlevel}

   This book is beyond your current level of understanding.

   Spells                             Type                      Level
   Poison Arrow                       Conjuration/Poison           6
   Orb of Destruction                 Conjuration                  7
   Chain Lightning                    Conjuration/Air              8
   Lehudib's Crystal Spear            Conjuration/Earth            8
   Ice Storm                          Conjuration/Ice              9
   Fire Storm                         Conjuration/Fire             9


   Skills:
 - Level 2.0 Dodging
 - Level 1.8 Stealth
 + Level 2.4 Spellcasting
 * Level 3.4 Conjurations
 * Level 4.8 Ice Magic


You had 5 spell levels left.
You knew the following spells:

 Your Spells              Type           Power        Failure   Level  Hunger
a - Freeze                Ice            ###.         2%          1    #......
b - Throw Frost           Conj/Ice       ###...       6%          2    ##.....


Dungeon Overview and Level Annotations

Branches:
Dungeon (5/27)
 Temple: D:4-7

Altars:
Makhleb
Xom


Message History

Casting: Freeze
Confirm with . or Enter, or press ? or * to list all spells.
Aiming: Freeze
Press: ? - help, Shift-Dir - straight line, f/p - orc wizard
Aim: an orc wizard, wielding an orcish dagger and wearing an orcish robe (moderately wounded, moving very quickly)
You freeze the orc wizard.
The orc wizard is moderately wounded.
The orc wizard hits you but does no damage.
Casting: Freeze
Confirm with . or Enter, or press ? or * to list all spells.
Aiming: Freeze
Press: ? - help, Shift-Dir - straight line, f/p - orc wizard
Aim: an orc wizard, wielding an orcish dagger and wearing an orcish robe (moderately wounded, moving very quickly)
You freeze the orc wizard.
The orc wizard is severely wounded.
The orc hits you but does no damage. The orc wizard casts a spell at you.
The puff of frost hits you!
Your smoky silvery potion freezes and shatters!
You die...

.# #.#
#................(###
.# #.#
#.....###............
.# #.# ####.#..#
##........##. .# #.#
#.....#..##........#.#
.# #..
.........)..#.....##.#
#.#
#.#####.....#.........
..# #.(.#####.......#
#.# #.[...# .#####.#
#@o...# .# #o###...# .
#r# .### #.# .# #.#
#.# #.# #.# #..


You could see an orc wizard, an orc and a rat.

Vanquished Creatures
  2 hounds
  2 worker ants (D:4)
  4 adders
  A giant mite (D:2)
  2 worms
  A giant gecko (D:1)
  7 orcs
  11 bats
  A giant cockroach (D:3)
  9 goblins
  9 hobgoblins
  10 jackals (D:3)
  2 ball pythons
  3 giant newts
  10 kobolds
  2 quokkas
  5 rats
81 creatures vanquished.

Notes
Turn   | Place    | Note
--------------------------------------------------------------
     0 | D:1      | Kae, the Draconian Ice Elementalist, began the quest for the Orb.
     0 | D:1      | Reached XP level 1. HP: 14/14 MP: 3/3
   250 | D:1      | Reached XP level 2. HP: 14/20 MP: 2/4
   510 | D:1      | Learned a level 2 spell: Throw Frost
  1616 | D:2      | Reached XP level 3. HP: 23/26 MP: 1/5
  1862 | D:2      | Found a burning altar of Makhleb.
  1867 | D:2      | Reached XP level 4. HP: 21/33 MP: 2/7
  2185 | D:2      | Reached skill level 4 in Ice Magic
  2918 | D:3      | Reached XP level 5. HP: 34/38 MP: 4/9
  3005 | D:3      | Found a shimmering altar of Xom.
  3701 | D:5      | Entered Level 5 of the Dungeon
  3912 | D:4      | Found a shimmering altar of Xom.
  3913 | D:4      | Found a shimmering altar of Xom.
  3913 | D:4      | Found a shimmering altar of Xom.
  3914 | D:4      | Found a shimmering altar of Xom.
  4119 | D:4      | HP: 1/38 [orc wizard/puff of flame (13)]
  4121 | D:4      | Killed from afar by an orc wizard

Action                   |  1- 3 |  4- 6 || total
-------------------------+-------+-------++-------
Melee: Unarmed           |    77 |    60 ||   137
       Quarterstaff      |       |    32 ||    32
 Cast: Freeze            |    48 |    95 ||   143
  Use: Scroll            |       |     9 ||     9
